 Dungeon Crawl Stone Soup version 0.21.1-1-g345015f (webtiles) character file.

174 nulman the Gusty (level 5, -4/28 HPs)
             Began as a Tengu Air Elementalist on June 10, 2018.
             Killed from afar by Natasha (9 damage)
             ... with a magic dart
             ... on level 2 of the Dungeon.
             The game lasted 00:21:37 (2355 turns).

nulman the Gusty (Tengu Air Elementalist)           Turns: 2355, Time: 00:21:38

Health: -4/28      AC:  2    Str:  8    XL:     5   Next: 54%
Magic:  1/10       EV: 13    Int: 16    God:
Gold:   97         SH:  0    Dex: 15    Spells: 6/9 levels left

rFire    . . .     SeeInvis .   l - +2 dagger (vamp)
rCold    . . .     Gourm    .   (no shield)
rNeg     . . .     Faith    .   a - +0 robe
rPois    .         Spirit   .   (helmet restricted)
rElec    .         Reflect  .   (no cloak)
rCorr    .         Harm     .   (no gloves)
MR       .....                  (boots unavailable)
Stlth    ++........             (no amulet)
HPRegen  0.09/turn              (no ring)
MPRegen  0.12/turn              (no ring)

@: no status effects
A: beak, talons 3, able to fly 1
a: Fly


You were on level 2 of the Dungeon.
You were not hungry.

You visited 1 branch of the dungeon, and saw 2 of its levels.

You collected 97 gold pieces.

Inventory:

Hand Weapons
 e - a +0 short sword
 l - a +2 vampiric dagger (weapon)
Missiles
 f - 57 stones (quivered)
 p - 9 poisoned needles
Armour
 a - a +0 robe (worn)
 h - a +0 buckler
Scrolls
 g - a scroll of remove curse {unknown}
 j - 2 scrolls of teleportation {unknown}
 n - a scroll of amnesia {unknown}
 o - 2 scrolls of identify {unknown}
 r - a scroll of enchant weapon {unknown}
 s - a scroll of blinking {unknown}
Potions
 d - 2 potions of invisibility {unknown}
 i - 6 potions of heal wounds {unknown}
 k - 3 potions of ambrosia {unknown}
 q - a potion of mutation {unknown}
Books
 b - a book of Air

   Spells                             Type                      Level
   a - Shock                          Conjuration/Air              1
   b - Swiftness                      Charms/Air                   2
   c - Static Discharge               Conjuration/Air              3
   d - Airstrike                      Air                          4
   e - Lightning Bolt                 Conjuration/Air              5
Comestibles
 c - 2 rations
 m - 7 chunks of flesh


   Skills:
 + Level 0.3 Fighting
 + Level 0.9 Short Blades
 + Level 2.4 Dodging
 + Level 2.3 Stealth
 + Level 2.6 Spellcasting
 + Level 3.9 Conjurations
 * Level 0.7 Charms
 + Level 5.5 Air Magic


You had 6 spell levels left.
You knew the following spells:

 Your Spells              Type           Power        Failure   Level  Hunger
a - Shock                 Conj/Air       ###.         2%          1    #......
b - Swiftness             Chrm/Air       ##......     8%          2    ##.....


Dungeon Overview and Level Annotations

Branches:
Dungeon (2/15)

Altars:

Annotations:
D:2 Natasha


Innate Abilities, Weirdness & Mutations

You have a beak for a mouth.
You have claws for feet.
You can fly.


Message History

Natasha is severely wounded.
Natasha claws you!
Casting: Shock
Confirm with . or Enter, or press ? or * to list all spells.
Aiming: Shock
Press: ? - help, Shift-Dir - straight line, f/p - Natasha
Aim: Natasha (severely wounded)
The zap misses Natasha.
Natasha growls.
Natasha claws you.
You hit Natasha.
Natasha is severely wounded.
Natasha claws you!
* * * LOW HITPOINT WARNING * * *
Casting: Shock
Confirm with . or Enter, or press ? or * to list all spells.
Okay, then.
Natasha casts a spell at you. The magic dart hits you!
You die...

#.... ...####.... #..........รท
..######.<## #.# ###./.#........
#.#########.........####.
#.##.....##...##.## #.
#.##.......h..##.# ..
#.##....@#....# .# ...
#..######.[..###.# #....
#...###..........# .# ..
#########.#..##.#........##.#...
#..........#................#..
#..........#...................
#..........#............<...#
#..........##..##...........#
######.##.###..##...........####


You could see Natasha.

Vanquished Creatures
  Natasha (twice) (D:2)
  A gnoll (D:1)
  3 adders (D:2)
  An ooze (D:1)
  4 worms (D:2)
  4 dart slugs
  A leopard gecko (D:2)
  2 ball pythons (D:1)
  5 bats
  3 giant cockroaches
  8 goblins
  8 hobgoblins
  2 jackals (D:2)
  6 kobolds (D:1)
  4 frilled lizards (D:2)
  A quokka zombie (D:2)
  13 rats
68 creatures vanquished.

Notes
Turn   | Place    | Note
-------+----------+-------------------------------------------
     0 | D:1      | nulman the Tengu Air Elementalist began the quest for the Orb.
     0 | D:1      | Reached XP level 1. HP: 10/10 MP: 4/4
   230 | D:1      | Reached XP level 2. HP: 15/15 MP: 3/6
   570 | D:1      | Reached XP level 3. HP: 19/19 MP: 1/7
   997 | D:1      | Reached skill level 5 in Air Magic
  1005 | D:1      | Learned a level 2 spell: Swiftness
  1267 | D:1      | Reached XP level 4. HP: 24/24 MP: 4/8
  1754 | D:2      | Noticed Natasha
  1760 | D:2      | Killed Natasha
  1850 | D:2      | Gained mutation: You can fly. [Tengu growth]
  1850 | D:2      | Reached XP level 5. HP: 25/28 MP: 4/9
  2193 | D:2      | Noticed Natasha
  2197 | D:2      | Killed Natasha
  2339 | D:2      | Noticed Natasha
  2355 | D:2      | Killed from afar by Natasha

Skill      XL: |  1  2  3  4 |
---------------+-------------+-----
Conjurations   | 2 3 |  3.9
Air Magic      | 5 |  5.5
Fighting       | |  0.3
Short Blades   | |  0.9
Dodging        | |  2.4
Stealth        | |  2.3
Spellcasting   | |  2.6
Charms         | |  0.7

Action                   |  1- 3 |  4- 6 || total
-------------------------+-------+-------++-------
Melee: Short sword       |     9 |       ||     9
       Kick              |     7 |    13 ||    20
       Dagger            |    22 |    56 ||    78
       Peck              |     2 |     5 ||     7
Throw: Stone             |     1 |       ||     1
 Cast: Shock             |    46 |    45 ||    91
 Stab: Sleeping          |     5 |     1 ||     6
  Eat: Ration            |     2 |       ||     2
       Chunk             |       |     3 ||     3
Armor: Robe              |     5 |     4 ||     9
Dodge: Dodged            |    17 |    33 ||    50
